 Dungeon Crawl Stone Soup version 0.30.0 (webtiles) character file.

Game seed: 18283918802667176748

5 Gallacticko the Firebug (level 1, 0/11 HPs)
             Began as an Octopode Fire Elementalist on Nov 10, 2023.
             Slain by a quokka (4 damage)
             ... on level 1 of the Dungeon.
             The game lasted 00:02:31 (259 turns).

Gallacticko the Firebug (Octopode Fire Elementalist) Turns: 259, Time: 00:02:32

Health: 0/11       AC:  1    Str:  7    XL:     1   Next: 80%
Magic:  1/3        EV: 13    Int: 17    God:
Gold:   0          SH:  0    Dex: 12    Spells: 3/4 levels left

rFire   . . .        e - +0 sling
rCold   . . .        (no shield)
rNeg    . . .        (helmet restricted)
rPois   .            (no amulet)
rElec   .            (no ring)
rCorr   .            (no ring)
SInv    .            (no ring)
Will    .....        (no ring)
Stlth   +++          (no ring)
HPRegen 0.21/turn    (no ring)
MPRegen 0.08/turn    (no ring)
                     (no ring)

%: no passive effects
@: no status effects
A: almost no armour, amphibious, 8 rings, camouflage 1, gelatinous body 1,
(nimble swimmer 1), tentacles
a: no special abilities


You were on level 1 of the Dungeon.
You visited 1 branch of the dungeon, and saw 1 of its levels.

Inventory:

Hand Weapons
 c - a +0 dagger
 e - a +0 sling (weapon)
 f - a +0 spear
Scrolls
 d - a scroll of identify {unknown}
Potions
 a - a potion of magic
 b - a potion of attraction {unknown}


   Skills:
 + Level 2.2 Dodging
 + Level 2.6 Stealth
 + Level 2.1 Spellcasting
 + Level 1.0 Conjurations
 + Level 3.1 Fire Magic


You had 3 spell levels left.
You knew the following spells:

 Your Spells              Type           Power      Damage    Failure   Level
a - Foxfire               Conj/Fire      32%        2x1d5     9%          1

Your spell library contained the following spells:

 Spells                   Type           Power      Damage    Failure   Level
 Scorch                   Fire           24%        2d6       8%          2
 Inner Flame              Hex/Fire       7%         N/A       30%         3
 Volatile Blastmotes      Fire/Tloc      14%        2d11      30%         3
 Flame Wave               Conj/Fire      8%         2d5       63%         4


Dungeon Overview and Level Annotations

Branches:
Dungeon (1/15)

Altars:

Shops:
D:1 *


Innate Abilities, Weirdness & Mutations

You cannot wear most types of armour.
You are amphibious.
You can wear up to eight rings at the same time.
Your skin changes colour to match your surroundings (Stealth+).
Your rubbery body absorbs attacks. (AC +1, EV +1)
((You are camouflaged when in or above water. (Stealth+)))
You have tentacles for arms and can constrict up to eight enemies at once.


Message History

HP restored.
A quokka comes into view.
Fire: e) +0 sling
Press: ? - help, Q - select action, (/) - cycle Shift-Dir - straight line, f - quokka
Aim: a quokka (asleep, 98% to hit)
You shoot a sling bullet.
The sling bullet hits the quokka but does no damage.
Fire: e) +0 sling
Press: ? - help, Q - select action, (/) - cycle Shift-Dir - straight line, f/p - quokka
Aim: a quokka (38% to hit)
You shoot a sling bullet.
The sling bullet hits the quokka but does no damage.
Unknown command.
Fire: e) +0 sling
Press: ? - help, Q - select action, (/) - cycle Shift-Dir - straight line, f/p - quokka
Aim: a quokka (38% to hit)
You shoot a sling bullet. The sling bullet hits the quokka.
The quokka is heavily wounded.
Unknown command.
Fire: e) +0 sling
Press: ? - help, Q - select action, (/) - cycle Shift-Dir - straight line, f/p - quokka
Aim: a quokka (moderately wounded, 38% to hit)
You shoot a sling bullet.
The sling bullet closely misses the quokka.
Unknown command.
Casting: Foxfire (safe; 9% risk of failure)
Confirm with . or Enter, or press ? or * to list all spells.
You conjure some foxfire!
The quokka bites you. x2
* * * LOW HITPOINT WARNING * * *
You shoot a sling bullet.
The sling bullet closely misses the quokka.
The foxfire hits the quokka but does no damage.
The quokka is moderately wounded.
The quokka closely misses you.
Unknown command.
Casting: Foxfire (safe; 9% risk of failure)
Confirm with . or Enter, or press ? or * to list all spells.
You conjure some foxfire!
The quokka completely misses you. The quokka bites you.
You die...

#.##.#.#.###
.#
#...........
.#
#.##.#.#.###
#.........##.#
#.####........
#.# #.##.##.#
#.# #.##.# #.#
#..#v# # #.#
##.#@##$##..#
#.#
#..v.r......#
#.
#..###..##..#
#..# .....
....# ..###.#
###... ...
#... ...# #.##
.... #. ...##


You could see a quokka (ally target).

Vanquished Creatures
  2 bats (D:1)
  An endoplasm (D:1)
  A kobold (D:1)
  A frilled lizard (D:1)
5 creatures vanquished.

Vanquished Creatures (others)
  14 foxfires (D:1)
14 creatures vanquished.

Grand Total: 19 creatures vanquished

Notes
Turn   | Place    | Note
-------+----------+-------------------------------------------
     0 | D:1      | Gallacticko the Octopode Fire Elementalist began the quest
                  | for the Orb.
     0 | D:1      | Reached XP level 1. HP: 11/11 MP: 3/3
    89 | D:1      | Found Xuif's Assorted Antiques.
   259 | D:1      | Slain by a quokka

Illustrated notes

Levels and vault maps discovered:
D:1:      minmay_arrival_four_circles, layout_loops_ring, serial_shops, shop

Action                     || total
---------------------------++-------
   Fire: Sling             ||     9
   Cast: Foxfire           ||     9
 Armour: Skin              ||     1
  Dodge: Dodged            ||     3
